 Dungeon Crawl Stone Soup version 0.30.0-29-ga12c61a403 (webtiles) character file.

Game seed: 13435676439921063865

2067 Dadbod the Cleaver (level 9, -1/67 HPs)
             Began as a Formicid Fighter on June 11, 2023.
             Was a Follower of Makhleb.
             Slain by an orc warlord
             ... wielding a +10 broad axe
              (33 damage)
             ... in a bailey.
             The game lasted 00:24:19 (5881 turns).

Dadbod the Cleaver (Formicid Fighter)               Turns: 5881, Time: 00:24:20

Health: -1/67      AC: 11    Str: 28    XL:     9   Next: 50%
Magic:  10/10      EV: 15    Int:  8    God:    Makhleb [*.....]
Gold:   428        SH:  5    Dex: 13    Spells: 8/8 levels left

rFire   . . .        a - +0 war axe (elec)
rCold   . . .        c - +0 buckler
rNeg    . . .        b - +1 scale mail
rPois   .            (helmet unavailable)
rElec   .            (no cloak)
rCorr   .            s - +0 pair of gloves
SInv    +            (no boots)
Will    .....        (no amulet) Stlth
                     e - ring "Bofa" {EV+5 Str+3}
HPRegen 0.31/turn    (no ring)
MPRegen 0.12/turn

%: clarity
@: no status effects
A: permanent stasis, dig shafts and tunnels, antennae 3, four strong arms,
iridescent scales 1, clarity, low MP 1, sense surroundings 1
a: Dig, Renounce Religion


You were in a bailey.
You worshipped Makhleb.
Makhleb was aware of your devotion.
You visited 2 branches of the dungeon, and saw 8 of its levels.
You also visited: Bailey.

You collected 428 gold pieces.

Inventory:

Hand Weapons
 a - a +0 war axe of electrocution (weapon)
 v - a +0 broad axe
Missiles
 d - a poisoned dart
 t - 9 boomerangs (quivered)
Armour
 b - a +1 scale mail (worn)
 c - a +0 buckler (worn)
 s - a +0 pair of gloves (worn)
Jewellery
 e - the ring "Bofa" (left hand) {EV+5 Str+3}
   (You acquired it on level 2 of the Dungeon)

   [ring of evasion]

   EV:        It affects your evasion (+5).
   Str:       It affects your strength (+3).
 f - a ring of ice
 k - a ring of willpower
Scrolls
 u - a scroll of magic mapping
Potions
 g - a potion of ambrosia
 h - 2 potions of mutation
 l - 3 potions of curing
 m - a potion of lignification
 n - a potion of attraction
 p - a potion of flight
 q - 2 potions of resistance
 r - 3 potions of brilliance
 w - a potion of magic


   Skills:
 + Level 4.9 Fighting
 * Level 8.3 Axes
 * Level 4.3 Throwing
 + Level 6.2 Armour
 + Level 1.8 Dodging
 + Level 1.2 Stealth
 + Level 5.0 Shields
 * Level 3.1 Invocations


You had 8 spell levels left.
You didn't know any spells.
Your spell library contained the following spells:

 Spells                   Type           Power      Damage    Failure   Level
 Poisonous Vapours        Pois/Air       0%         N/A       83%         2
 Mephitic Cloud           Conj/Pois/Air  0%         N/A       97%         3
 Freezing Cloud           Conj/Ice/Air   0%         6-21      100%        5


Dungeon Overview and Level Annotations

Branches:
Dungeon (7/15)             Temple (1/1) D:6          Bailey (1/1)

Altars:
Ashenzari
Cheibriados
Dithmenos
Elyvilon
Fedhas
Hepliaklqana
Makhleb
Okawaru
Qazlal
Ru
Sif Muna
Trog
Uskayaw
Vehumet
Wu Jian
Xom
Yredelemnul
Zin
The Shining One

Annotations:
D:4 2 runed translucent doors, safid's ghost, amateur MfIE
D:7 3 runed translucent doors, seaoflcl's ghost, novice MiFi


Innate Abilities, Weirdness & Mutations

You cannot be hasted, slowed, berserked, paralysed or teleported.
You can dig through walls and to a lower floor.
You have a pair of large antennae on your head. (SInv)
Your four strong arms can wield two-handed weapons with a shield.
You are partially covered in iridescent scales. (AC +2)
You possess an exceptional clarity of mind.
Your magical capacity is low. (-10% MP)
You passively map a small area around you.


Message History

The boomerang barely misses the orc warrior.
You closely miss the orc warlord.
The orc warlord is moderately wounded.
The orc warlord barely misses you.
You slash the orc warlord!
The orc warlord is moderately wounded.
The orc warlord barely misses you.
You closely miss the orc warlord.
The orc warlord is moderately wounded.
You hit the orc warrior.
The orc warrior hits you with a +0 broad axe!!
The orc warlord misses you.
Unknown command.
Unknown command.
Unknown command.
You slash the orc warlord!
The orc warlord is heavily wounded.
You barely miss the orc warrior. The orc warrior closely misses you.
The orc warlord hits you with a +10 broad axe!
Unknown command.
Unknown command.
You hit the orc warlord but do no damage.
The orc warlord is heavily wounded.
You slash the orc warrior!
Lightning courses through the orc warrior!
You kill the orc warrior!
Makhleb accepts your kill. The orc warlord closely misses you.
Unknown command.
You slash the orc warlord!
Lightning courses through the orc warlord!
The orc warlord is severely wounded.
The orc warlord barely misses you.
Unknown command.
Unknown command.
You barely miss the orc warlord.
The orc warlord is severely wounded.
You barely miss the goblin. The goblin barely misses you.
The orc warlord hits you with a +10 broad axe!!
You die...

##..)..##.........##...).##
#.......#.{..(....#.......#
##.......##...(..{##.......##
#.........# g...o #.........#
##.........## .).*##.........##
#.....⌠.....###)###.....⌠.....#
##.......).##88.88##.........##
#.......).#..)og..#.........#
##......)##...@...##)......##
#.......'.........'.......#
##.....##........)##.....##
#######.....⌠...).#######
##.........## #.........#
##.......## #.......# ##..∩.!##


You could see an orc warlord and a goblin.

Vanquished Creatures
  A steam dragon (D:6)
  A black bear (D:7)
  6 orc warriors
  2 ogres
  A phantom (D:6)
  A scorpion (D:4)
  3 wights (D:6)
  2 howler monkeys
  6 hounds
  2 orc priests
  3 iguanas
  2 orc wizards
  Terence (D:3)
  15 gnolls
  7 adders
  2 shadow imps
  A white imp (D:6)
  An ufetubus (D:6)
  4 worms
  3 dart slugs
  9 orcs
  3 ball pythons
  5 endoplasms
  3 giant cockroaches
  11 hobgoblins
  3 jackals (D:2)
  5 kobolds
  5 quokkas
  4 bats
  3 frilled lizards
  17 goblins
  5 rats
137 creatures vanquished.

Notes
Turn   | Place    | Note
-------+----------+-------------------------------------------
     0 | D:1      | Dadbod the Formicid Fighter began the quest for the Orb.
     0 | D:1      | Reached XP level 1. HP: 18/18 MP: 1/1
   132 | D:1      | Reached XP level 2. HP: 24/24 MP: 2/2
   310 | D:1      | Reached XP level 3. HP: 29/29 MP: 3/3
   371 | D:1      | Found a faded altar of an unknown god.
   933 | D:2      | Identified a scroll of acquirement
   933 | D:2      | Acquired the ring "Bofa" {EV+5 Str+3}
  1348 | D:3      | Noticed Terence
  1352 | D:3      | Killed Terence
  1353 | D:3      | Reached skill level 3 in Axes
  1353 | D:3      | Reached XP level 4. HP: 35/35 MP: 4/4
  1570 | D:3      | Reached skill level 1 in Throwing
  1570 | D:3      | Reached XP level 5. HP: 29/41 MP: 5/5
  2004 | D:3      | Found an ornate altar of the Wu Jian Council.
  2119 | D:3      | Reached skill level 4 in Axes
  2394 | D:4      | Noticed an ogre
  2400 | D:4      | Killed an ogre
  2401 | D:4      | Reached XP level 6. HP: 48/48 MP: 6/6
  2443 | D:4      | Reached skill level 5 in Axes
  2451 | D:4      | Reached skill level 1 in Dodging
  2495 | D:4      | Reached XP level 7. HP: 44/53 MP: 7/7
  2727 | D:4      | Found a large runed translucent door.
  2727 | D:4      | Found a large runed translucent door.
  2728 | D:4      | Noticed safid's ghost (amateur MfIE)
  3175 | D:4      | Found a white marble altar of Elyvilon.
  3175 | D:4      | Found a hide-covered altar of Uskayaw.
  3591 | D:5      | Entered Level 5 of the Dungeon
  3887 | D:5      | Reached skill level 5 in Armour
  3904 | D:5      | Reached skill level 6 in Axes
  4000 | D:5      | Reached XP level 8. HP: 54/58 MP: 8/8
  4374 | D:6      | Found a staircase to the Ecumenical Temple.
  4379 | Temple   | Entered the Ecumenical Temple
  4387 | Temple   | Became a worshipper of Makhleb the Destroyer
  4490 | D:6      | Reached skill level 1 in Stealth
  4608 | D:6      | Gained mutation: Your magical capacity is low. (-10% MP)
                  | [potion of mutation]
  4608 | D:6      | Gained mutation: You passively map a small area around you.
                  | [potion of mutation]
  4608 | D:6      | Gained mutation: You are partially covered in iridescent
                  | scales. (AC +2) [potion of mutation]
  4608 | D:6      | Gained mutation: You possess an exceptional clarity of
                  | mind. [potion of mutation]
  4753 | D:6      | Found a bloodstained altar of Trog.
  4762 | D:6      | Reached skill level 7 in Axes
  4952 | D:6      | Found a hazy altar of Hepliaklqana.
  5103 | D:6      | Found a glowing silver altar of Zin.
  5106 | D:6      | Found a radiant altar of Vehumet.
  5294 | D:7      | Reached skill level 1 in Invocations
  5336 | D:7      | Reached XP level 9. HP: 36/66 MP: 9/9
  5362 | D:7      | Found a runed translucent gate.
  5363 | D:7      | Found a runed translucent gate.
  5363 | D:7      | Noticed seaoflcl's ghost (novice MiFi)
  5364 | D:7      | Found a runed translucent gate.
  5377 | D:7      | Found a flagged portal.
  5410 | Bailey   | Entered a bailey
  5640 | Bailey   | Reached skill level 8 in Axes
  5649 | Bailey   | Reached skill level 5 in Shields
  5685 | Bailey   | Reached * piety under Makhleb
  5852 | Bailey   | Noticed an orc warlord
  5881 | Bailey   | Slain by an orc warlord

Illustrated notes

Levels and vault maps discovered:
D:1:      ncdulo_lavacross, layout_rooms,
          shapermc_ecumenical_altar_totnotflames, hangedman_decor_diamond_cutter
D:2:      layout_basic
D:3:      layout_loops_ring, lemuel_coloured_pillars_altar, grunt_ministairs_11,
          minmay_starry_boxes, uniq_terence
D:4:      layout_basic, gammafunk_temple_overflow_wave,
          ebering_ghost_disaster_area
D:5:      layout_basic, chequers_serial_rivers_micro_d
D:6:      layout_loops_ring, minitemple, mainiacjoe_overflow_chevrons,
          trog_three_pillars_becter, minmay_temple_entry_glassed_door,
          skrybe_limestone_x, minmay_holes
D:7:      layout_loops_cross, mainiacjoe_overflow_six_doors_small,
          enter_bailey_5, gammafunk_ghost_split, dk_rats_in_the_wall
Temple:   nicolae_temple_no_exploring_needed
Bailey:   bailey_axe_minmay_hex_keep, bailey

Skill      XL: |  1  2  3  4  5  6  7  8  9 |
---------------+----------------------------+-----
Axes           | 3 4 5 6 7 8 |  8.3
Armour         | 4 5 6 |  6.2
Throwing       | 1 2 3 4 |  4.3
Dodging        | 1 |  1.8
Fighting       | 4 |  4.9
Stealth        | 1 |  1.2
Invocations    | 1 3 |  3.1
Shields        | 5 |  5.0

Action                     |  1- 3 |  4- 6 |  7- 9 || total
---------------------------+-------+-------+-------++-------
  Melee: War axe           |    81 |    91 |   227 ||   399
  Throw: Javelin           |     1 |     3 |    16 ||    20
         Boomerang         |       |       |    19 ||    19
         Dart              |       |       |     3 ||     3
         Throwing net      |       |       |     1 ||     1
Ability: Dig               |     1 |       |     1 ||     2
    Use: Scroll            |     3 |     7 |     9 ||    19
         Potion            |       |       |     6 ||     6
 Armour: Scale mail        |    33 |    21 |    56 ||   110
  Dodge: Dodged            |    29 |    55 |   149 ||   233
  Block: Buckler           |    13 |    18 |    59 ||    90
